 Dungeon Crawl Stone Soup version 0.30-a0-137-gd8773701ce (webtiles) character file.

Game seed: 13075383664539562071

110614 zishaf the Warrior (level 17, -7/128 (133) HPs)
             Began as a Djinni Venom Mage on Sept 20, 2022.
             Was the Champion of Makhleb.
             Killed from afar by a jorogumo (24 damage)
             ... with a bolt of negative energy
             ... on level 1 of the Spider Nest on Sept 21, 2022.
             The game lasted 01:26:52 (30573 turns).

zishaf the Warrior (Djinni Venom Mage)             Turns: 30573, Time: 01:26:53

HP:   -7/128 (133)  AC: 12    Str:  7    XL:     17   Next: 10%
Gold: 1563          EV: 11    Int: 25    God:    Makhleb [******] SH:  7 Dex: 14

rFire   + + +      SeeInvis +    a - staff of conjuration
rCold   + . .      Faith    .    i - +2 buckler
rNeg    + . .      Spirit   .    J - +3 troll leather armour {Snorg}
rPois   ∞          Reflect  .    U - +0 hat {SInv}
rElec   .          Harm     .    w - scarf {rC+ rF+}
rCorr   .          Rampage  .    D - +0 pair of gloves
Will    ++++.      Clarity  +    (boots unavailable)
Stlth   ++........               l - amulet of the Four Winds {rN+ Will+++ Clar}
HPRegen 1.11/turn                j - +4 ring of protection
MPRegen 0.00/turn                p - ring of protection from cold

@: spiked, flying, lightly drained
A: sickness immunity, fire resistance 3, cold vulnerability 1, float, innate
caster, HP casting, extra vitality 1, sense surroundings 1
a: Renounce Religion, Minor Destruction, Lesser Servant of Makhleb, Major
Destruction, Greater Servant of Makhleb


You were on level 1 of the Spider Nest.
You worshipped Makhleb.
Makhleb was exalted by your worship.
You visited 5 branches of the dungeon, and saw 24 of its levels.
You also visited: Ossuary, Ice Cave and Volcano.

You collected 2772 gold pieces.
You spent 1209 gold pieces at shops.

Inventory:

Hand Weapons
 b - a +4 demon blade of electrocution
Missiles
 N - a throwing net
Armour
 e - a +0 kite shield
 i - a +2 buckler (worn)
 w - a scarf of resistance (worn)
 B - a +0 leather armour of cold resistance
 D - a +0 pair of gloves (worn)
 J - a +3 troll leather armour (worn) {Snorg}
 U - a +0 hat of see invisible (worn)
 Z - a +1 cloak of fire resistance
Magical Staves
 a - a staff of conjuration (weapon)
Jewellery
 j - a +4 ring of protection (left hand)
 l - the amulet of the Four Winds (around neck) {rN+ Will+++ Clar}
   (You bought it in a shop on level 2 of the Orcish Mines)

   [amulet of nothing]

   rN:        It protects you from negative energy.
   Clar:      It protects you against confusion.
   Will:      It greatly increases your willpower.
 p - a ring of protection from cold (right hand)
 X - the amulet "Zumitza" {Regen+ Dex+4}
   (You found it on level 2 of the Lair of Beasts)

   [amulet of regeneration]

   Dex:       It affects your dexterity (+4).
   Regen:     It increases your rate of health regeneration.
Wands
 s - a wand of iceblast (2)
 C - a wand of digging (7)
 I - a wand of mindburst (7)
 M - a wand of acid (7)
 O - a wand of paralysis (10)
 Q - a wand of flame (15)
Scrolls
 d - 6 scrolls of teleportation
 n - 4 scrolls of fear
 o - 2 scrolls of poison
 q - 5 scrolls of magic mapping
 r - 6 scrolls of butterflies
 y - 3 scrolls of blinking
 A - 2 scrolls of enchant armour
 S - a scroll of summoning
 T - 4 scrolls of identify
Potions
 c - 4 potions of mutation
 f - 8 potions of might
 g - 8 potions of brilliance
 h - 19 potions of curing
 m - 6 potions of haste
 t - 7 potions of lignification
 E - 2 potions of heal wounds
 G - 2 potions of ambrosia
 K - 2 potions of berserk rage
 L - 2 potions of cancellation
 V - 3 potions of resistance
 Y - 2 potions of invisibility
Miscellaneous
 F - a lightning rod (4/4)
 P - a phantom mirror
 W - a phial of floods


   Skills:
 + Level 16.0 Fighting
 - Level 3.0 Armour
 - Level 3.0 Dodging
 - Level 1.5 Stealth
 + Level 5.1 Shields
 + Level 14.3 Spellcasting
 + Level 15.2 Invocations
 - Level 3.0 Evocations


You had 2 spell levels left.
You knew the following spells:

 Your Spells              Type           Power      Damage    Failure   Level
a - Sting                 Tmut/Pois      100%       1d8       0%          1
b - Iron Shot             Conj/Erth      47%        9d9       2%          6
c - Stone Arrow           Conj/Erth      100%       3d13      1%          3
d - Poisonous Vapours     Pois/Air       100%       N/A       1%          2
e - Foxfire               Conj/Fire      100%       2x1d9     0%          1
f - Sticky Flame          Conj/Fire      94%        2d10      1%          4
p - Passwall              Tmut/Erth      61%        N/A       1%          2
z - Mephitic Cloud        Conj/Pois/Air  94%        N/A       1%          3
A - Conjure Ball Lightni  Conj/Air       47%        3x3d16    2%          6
B - Olgreb's Toxic Radia  Pois           74%        N/A       1%          4
C - Summon Forest         Summ/Tloc      37%        N/A       1%          5
D - Iskenderun's Battles  Conj           94%        2d14      1%          5
Your spell library was empty.

Dungeon Overview and Level Annotations

Branches:
Dungeon (15/15)            Temple (1/1) D:5            Lair (5/5) D:9
 Shoals (0/4) Lair:2       Spider (1/4) Lair:3        Slime (0/5) Lair:5
    Orc (2/2) D:11            Elf (0/3) Orc:2        Vaults (0/5) D:14
 Depths (0/4) D:15        Ossuary (visited)           IceCv (visited)
Volcano (visited)

Altars:
Ashenzari
Cheibriados
Dithmenos
Elyvilon
Fedhas
Gozag
Hepliaklqana
Makhleb
Nemelex Xobeh
Okawaru
Qazlal
Ru
Trog
Uskayaw
Wu Jian
Xom
Yredelemnul
Zin
The Shining One
Jiyva

Shops:
D:10 *   Orc:2 **[*

Annotations:
D:13 2 transporters, ytrimaz's ghost, journeyman DsGl
Lair:5 1 runed translucent door


Innate Abilities, Weirdness & Mutations

You are immune to sickness and miasma.
You are immune to poison.
Your flesh is almost immune to the effects of heat. (rF+++)
You are vulnerable to cold. (rC-)
You float through the air rather than walking.
You learn spells naturally, not from books.
Your magical power is your life essence.
You have superior vitality. (+4 MHP)
You passively map a small area around you.


Message History

The culicivora draws strength from the tarantella's injuries!
The redback is engulfed in noxious fumes.
The tarantella touches the culicivora.
A jorogumo comes into view.
The culicivora is engulfed in noxious fumes.
The culicivora bites the tarantella but does no damage.
The redback is engulfed in noxious fumes.
The redback appears confused.
The tarantella touches you.
* * * LOW HITPOINT WARNING * * *
Your phantom mirror has recharged.
Your Fighting skill increases to level 16!
Unknown command.
You hit the tarantella but do no damage.
The tarantella is almost dead.
The culicivora is engulfed in noxious fumes.
The steelbarb worm hits you.
* * * LOW HITPOINT WARNING * * *
Barbed spikes become lodged in your body.
The redback bites you!
* * * LOW HITPOINT WARNING * * *
Your balrug hits the tarantella with a +0 demon whip of draining!
The tarantella dies!
Makhleb accepts your kill. The jorogumo casts a spell at you.
The bolt of negative energy misses you.
You feel better.
The steelbarb worm seems less confused.
Your balrug is caught in a web!
Your balrug pulls away from the web.
Unknown command.
Casting: Mephitic Cloud (safe; 1% risk of failure)
Confirm with . or Enter, or press ? or * to list all spells.
Aiming: Mephitic Cloud (safe; 1% risk of failure)
Press: ? - help, Shift-Dir - straight line You feel a surge of power!
The ball explodes into a vile cloud!
The stinking cloud engulfs the steelbarb worm but does no damage.
The stinking cloud engulfs you but does no damage.
* * * LOW HITPOINT WARNING * * *
You hear a skittering sound.
You hear a faint skittering sound.
The jorogumo stares at you and mumbles some strange words.
The bolt of negative energy hits you!! You partially resist.
You feel drained.
You die...

....# , * * ,...#
# , ** * * #..#
.#, ##.#..#,.# ..
* , ##..#.†#.^#...
, * ,
...#..#.....)
#..#.........,
#..#2°#......, , ,
#..#§@#......
,#...§○w.....$
#...○§§...... ,
.......s.........
,
.....H......#..##
, ,
.............#.?#
,.....######..#.##
..... , , ..# #
.... ###


You could see a jorogumo, a steelbarb worm, a redback (confused, ally target)
and a friendly balrug (summoned).

Vanquished Creatures
  Gastronok (Lair:2)
  An emperor scorpion (Lair:3)
  Nessos (D:14)
  Azrael (Orc:2)
  Snorg (D:12)
  The ghost of Zonian the Geomancer, a journeyman GrEE of Vehumet (Lair:2)
  A fire dragon (D:13)
  An entropy weaver (Spider:1)
  9 hydras
  3 catoblepae (Lair:5)
  9 two-headed ogres
  5 centaur warriors
  A tengu warrior (D:15)
  5 boulder beetles
  10 death yaks (Lair:5)
  Urug (D:11)
  Sonja (Lair:1)
  A fire crab (Volcano)
  A deep troll (shapeshifter) (D:11)
  A shadow wraith (D:14)
  A skeletal warrior (D:14)
  A glowing orange brain (D:15)
  A lindwurm (Volcano)
  A wizard (D:14)
  6 orc knights
  A deep elf pyromancer (D:11)
  Pikel (D:7)
  4 ugly things
  An obsidian statue (Volcano)
  3 wolf spiders
  2 oklob plants (Lair:2)
  6 manticores
  3 orc sorcerers
  9 cyclopes
  3 black mambas
  An ice statue (IceCv)
  3 elephants (Lair:5)
  A torpor snail (Lair:5)
  7 cane toads
  3 unseen horrors (D:11)
  4 rime drakes
  Maggie (D:10)
  3 kobold demonologists
  2 komodo dragons
  A yaktaur (D:15)
  A tengu conjurer (D:15)
  A freezing wraith (D:10)
  The ghost of timneilson the Covered, a novice GrFi (D:3)
  3 polar bears
  9 trolls
  2 hornets
  4 tarantellas
  A raiju (shapeshifter) (D:13)
  7 slime creatures
  22 blink frogs
  A centaur simulacrum (D:11)
  A culicivora (Spider:1)
  3 shadows
  Sigmund (D:3)
  A dire elephant simulacrum (IceCv)
  2 vampires (D:11)
  2 water elementals (D:15)
  3 wraiths
  14 fire bats (Volcano)
  7 basilisks
  3 wyverns
  3 fire elementals (Orc:2)
  44 yaks
  6 redbacks
  7 vampire mosquitoes
  4 steam dragons
  A death yak simulacrum (IceCv)
  Edmund (D:4)
  Menkaure (D:4)
  4 wargs
  3 acid dragons
  9 water moccasins
  A hell hound (Orc:2)
  A black bear (Lair:1)
  An ice beast (D:5)
  2 sky beasts
  38 orc warriors
  A boggart (D:11)
  7 ogres
  3 wolves (D:9)
  11 centaurs
  3 kobold brigands
  Blork the orc (D:4)
  2 necrophages
  3 gnoll sergeants
  7 bullfrogs
  3 scorpions
  A scorpion (shapeshifter) (D:15)
  10 wights
  A killer bee (D:11)
  8 electric eels
  8 howler monkeys
  8 lava snakes (Volcano)
  A jelly (D:6)
  Crazy Yiuf (D:2)
  12 orc priests
  8 hounds
  17 orc wizards
  3 iguanas
  13 mummies (Ossuary)
  15 gnolls
  8 adders
  A shadow imp (D:5)
  2 white imps
  2 ufetubi (D:6)
  4 dart slugs
  75 orcs
  9 endoplasms
  4 giant cockroaches
  9 goblins
  11 hobgoblins
  3 jackals (D:4)
  24 kobolds
  2 quokkas
  4 ball pythons
  7 bats
  2 frilled lizards (D:1)
  A gnoll skeleton (Ossuary)
  3 goblin skeletons (Ossuary)
  4 kobold skeletons (Ossuary)
  4 rats (D:1)
  11 rat skeletons (Ossuary)
676 creatures vanquished.

Vanquished Creatures (collateral kills)
  Rupert (Orc:2)
  Louise (D:14)
  The ghost of melkoren the Severer, a journeyman MiBe of Trog (Lair:5)
  An entropy weaver (Spider:1)
  A rakshasa (D:15)
  2 boulder beetles (D:11)
  A fire crab (shapeshifter) (D:14)
  2 skeletal warriors (D:14)
  A wolf spider (Spider:1)
  2 oklob plants (Lair:2)
  6 ugly things
  An elephant (Lair:5)
  An ice statue (IceCv)
  A yaktaur (D:11)
  A yaktaur (shapeshifter) (D:14)
  A tarantella (Spider:1)
  2 blink frogs (Lair:5)
  4 slime creatures (D:14)
  6 yaks (Lair:1)
  A wraith (D:11)
  A dire elephant simulacrum (IceCv)
  3 fire elementals (Orc:2)
  A basilisk (Lair:3)
  A hell hound (Orc:2)
  2 water moccasins (Lair:2)
  5 orc warriors
  5 wolves (Lair:2)
  7 centaurs
  2 bullfrogs (Lair:2)
  A howler monkey (D:11)
  3 orc priests
  An orc wizard (D:5)
  A polar bear simulacrum (IceCv)
  A gnoll (D:11)
  7 orcs
  A bush (Lair:2)
79 creatures vanquished.

Vanquished Creatures (others)
  An orc priest (D:8)
  An orc wizard (D:9)
  An orc (D:8)
  25 ball lightnings
  80 foxfires
  16 fungi
  42 plants
  8 snaplasher vines
  2 withered plants (Lair:2)
176 creatures vanquished.

Grand Total: 931 creatures vanquished

Notes
Turn   | Place    | Note
-------+----------+-------------------------------------------
     0 | D:1      | zishaf the Djinni Venom Mage began the quest for the Orb.
     0 | D:1      | zishaf set off with the following spells memorised: Sting,
                  | Poisonous Vapours, Mephitic Cloud, Olgreb's Toxic Radiance.
     0 | D:1      | Reached XP level 1. HP: 15/15 MP: 0/0
   392 | D:1      | Reached XP level 2. HP: 5/22 MP: 0/0
   811 | D:1      | Reached skill level 1 in Fighting
   907 | D:1      | Found a faded altar of an unknown god.
  1099 | D:1      | Reached XP level 3. HP: 25/27 MP: 0/0
  1099 | D:1      | Learned a level 1 spell: Foxfire
  2251 | D:2      | Reached XP level 4. HP: 13/32 MP: 0/0
  2857 | D:2      | Found a runed translucent door.
  2858 | D:2      | Noticed Crazy Yiuf
  2878 | D:2      | Killed Crazy Yiuf
  2879 | D:2      | Reached skill level 2 in Fighting
  2879 | D:2      | Reached skill level 1 in Evocations
  2879 | D:2      | Reached XP level 5. HP: 21/38 MP: 0/0
  2879 | D:2      | Learned a level 2 spell: Passwall
  3056 | D:3      | Found a runed translucent door.
  3058 | D:3      | Noticed timneilson's ghost (novice GrFi)
  3209 | D:3      | Found a hide-covered altar of Uskayaw.
  3320 | D:3      | Noticed Sigmund
  3341 | D:3      | Killed Sigmund
  3342 | D:3      | Reached XP level 6. HP: 25/45 MP: 0/0
  3661 | D:3      | Found a basalt altar of Yredelemnul.
  3663 | D:3      | Found a blossoming altar of Fedhas.
  3663 | D:3      | Found a burning altar of Makhleb.
  3665 | D:3      | Found a shimmering altar of Xom.
  3665 | D:3      | Found an iron altar of Okawaru.
  4343 | D:4      | Found a sand-covered staircase.
  4348 | Ossuary  | Entered an ossuary
  4464 | Ossuary  | Reached skill level 3 in Fighting
  4631 | Ossuary  | Reached XP level 7. HP: 41/50 MP: 0/0
  4631 | Ossuary  | Learned a level 3 spell: Stone Arrow
  5206 | D:4      | Noticed Edmund
  5837 | D:4      | Killed Edmund
  5838 | D:4      | Reached skill level 1 in Shields
  5838 | D:4      | Reached skill level 5 in Spellcasting
  5992 | D:4      | Noticed Menkaure
  5997 | D:4      | Killed Menkaure
  5998 | D:4      | Reached skill level 4 in Fighting
  5998 | D:4      | Reached XP level 8. HP: 33/58 MP: 0/0
  6299 | D:4      | Found an opulent altar of Gozag.
  6518 | D:4      | Noticed Blork the orc
  6519 | D:4      | Found an iron altar of Okawaru.
  6529 | D:4      | Killed Blork the orc
  6654 | D:5      | Entered Level 5 of the Dungeon
  7500 | D:5      | Found a staircase to the Ecumenical Temple.
  7517 | Temple   | Entered the Ecumenical Temple
  7615 | Temple   | Became a worshipper of Makhleb the Destroyer
  7880 | D:5      | Reached skill level 1 in Invocations
  7894 | D:5      | Reached XP level 9. HP: 44/64 MP: 0/0
  7894 | D:5      | Learned a level 4 spell: Sticky Flame
  7895 | D:5      | Reached skill level 5 in Fighting
  8319 | D:6      | Reached * piety under Makhleb
  8689 | D:6      | Found a snail-covered altar of Cheibriados.
  8854 | D:6      | Found a hazy altar of Hepliaklqana.
  9499 | D:7      | Found a broken altar of Ashenzari.
  9509 | D:7      | Reached skill level 6 in Fighting
  9519 | D:7      | Reached XP level 10. HP: 37/72 MP: 0/0
  9997 | D:7      | Reached skill level 5 in Shields
 10005 | D:7      | Noticed Pikel
 10030 | D:7      | Killed Pikel
 10388 | D:8      | Found a shadowy altar of Dithmenos.
 10520 | D:8      | Found a glowing golden altar of the Shining One.
 10540 | D:8      | Noticed a manticore
 10547 | D:8      | Killed a manticore
 10690 | D:8      | Reached skill level 7 in Fighting
 10715 | D:8      | Found a transporter.
 10719 | D:8      | Noticed a two-headed ogre
 10722 | D:8      | Found a transporter.
 10792 | D:8      | Reached skill level 5 in Invocations
 10959 | D:8      | Noticed a two-headed ogre
 10966 | D:8      | Reached ** piety under Makhleb
 10976 | D:8      | Killed a two-headed ogre
 11098 | D:8      | Found an ornate altar of the Wu Jian Council.
 11505 | D:8      | Identified the +7 longbow "Nijo" {vorpal, *Slow rC++ Dex+2}
 11756 | D:9      | Reached XP level 11. HP: 75/79 MP: 0/0
 11756 | D:9      | Learned a level 5 spell: Summon Forest
 12153 | D:9      | Found a staircase to the Lair.
 12214 | D:9      | Reached skill level 8 in Fighting
 12495 | D:9      | Found a sparkling altar of Nemelex Xobeh.
 13448 | D:10     | Entered Level 10 of the Dungeon
 13448 | D:10     | Found Ynumi's Lightly-Used Armoury.
 13566 | D:10     | Found a sacrificial altar of Ru.
 13905 | D:10     | Found a glowing silver altar of Zin.
 13969 | D:10     | Noticed Maggie
 13973 | D:10     | Killed Maggie
 14154 | D:10     | Reached *** piety under Makhleb
 14167 | D:10     | Found a bloodstained altar of Trog.
 14354 | D:10     | Noticed a two-headed ogre
 14387 | D:10     | Killed a two-headed ogre
 14714 | D:11     | Noticed a cyclops
 14966 | D:11     | Noticed a boulder beetle
 14984 | D:11     | Killed a cyclops
 14985 | D:11     | Reached skill level 1 in Armour
 14985 | D:11     | Reached skill level 10 in Spellcasting
 15092 | D:11     | Noticed an eight-headed hydra
 15098 | D:11     | Killed an eight-headed hydra
 15099 | D:11     | Reached XP level 12. HP: 69/88 MP: 0/0
 15119 | D:11     | Noticed Urug
 15124 | D:11     | Noticed a six-headed hydra
 15165 | Lair:1   | Entered Level 1 of the Lair of Beasts
 15297 | Lair:1   | Reached skill level 9 in Fighting
 15450 | Lair:1   | Noticed Sonja
 15457 | Lair:1   | Killed Sonja
 16237 | Lair:2   | Found a frozen archway.
 16477 | IceCv    | Entered an ice cave
 16492 | IceCv    | Found a transporter.
 16727 | IceCv    | Found a transporter.
 16746 | IceCv    | HP: 1/91 [ice statue/shard of ice (23)]
 16751 | IceCv    | Reached skill level 10 in Fighting
 17137 | Lair:2   | Found a staircase to the Shoals.
 17385 | Lair:2   | Noticed Gastronok
 17395 | Lair:2   | Killed Gastronok
 17602 | Lair:2   | Reached XP level 13. HP: 72/97 MP: 0/0
 17602 | Lair:2   | Learned a level 5 spell: Iskenderun's Battlesphere
 17604 | Lair:2   | Reached **** piety under Makhleb
 18147 | Lair:2   | Identified the amulet "Zumitza" {Regen+ Dex+4}
 18286 | Lair:2   | Found a runed translucent door.
 18291 | Lair:2   | Noticed Zonian's ghost (journeyman GrEE)
 18802 | D:3      | Killed timneilson's ghost
 19352 | Lair:2   | Killed Zonian's ghost
 19353 | Lair:2   | Reached skill level 11 in Fighting
 19461 | Lair:3   | Reached skill level 10 in Invocations
 19792 | Lair:3   | Found a hole to the Spider Nest.
 19829 | Lair:3   | Reached ***** piety under Makhleb
 20157 | Lair:4   | Found a dark tunnel.
 20183 | Volcano  | Entered a volcano
 20316 | Volcano  | Reached skill level 12 in Fighting
 20429 | Volcano  | Reached XP level 14. HP: 81/107 MP: 0/0
 21260 | Lair:5   | Entered Level 5 of the Lair of Beasts
 21511 | Lair:5   | Found a runed translucent door.
 21511 | Lair:5   | Found a viscous altar of Jiyva.
 21512 | Lair:5   | Found a staircase to the Slime Pits.
 21512 | Lair:5   | Noticed an azure jelly
 21513 | Lair:5   | Noticed an azure jelly
 21653 | Lair:5   | Found a hide-covered altar of Uskayaw.
 21759 | Lair:5   | Found a runed translucent gate.
 21762 | Lair:5   | Found a runed translucent gate.
 21799 | Lair:5   | Found a runed translucent gate.
 21801 | Lair:5   | Noticed melkoren's ghost (journeyman MiBe)
 21864 | Lair:5   | Reached skill level 13 in Fighting
 22224 | Lair:5   | Reached XP level 15. HP: 115/115 MP: 0/0
 22224 | Lair:5   | Learned a level 6 spell: Conjure Ball Lightning
 22743 | D:11     | HP: 5/115 [orc knight/+0 great sword (16)]
 22874 | D:10     | Gained mutation: You passively map a small area around you.
                  | [potion of mutation]
 22874 | D:10     | Gained mutation: Your flesh is almost immune to the effects
                  | of heat. (rF+++) [potion of mutation]
 23101 | D:10     | Found Ynumi's Lightly-Used Armoury.
 23174 | D:10     | Found a bloodstained altar of Trog.
 23407 | D:10     | Found a sacrificial altar of Ru.
 23442 | D:11     | Found a staircase to the Orcish Mines.
 23460 | D:11     | Reached ****** piety under Makhleb
 23582 | D:11     | Killed Urug
 23583 | D:11     | Reached skill level 14 in Fighting
 23785 | D:11     | Identified the ring "Miuxzait" {Ice +Blink Int-4 Dex-3
                  | Stlth+}
 23830 | D:11     | HP: 4/117 [centaur warrior/+2 demon whip of pain (2)]
 24466 | D:12     | Identified the +2 broad axe of Okko {distort, Drain Dex+6}
 24540 | D:12     | Identified the +5 halberd "Ipeklouz" {freeze, *Noise rCorr
                  | Stlth+}
 24825 | D:12     | Noticed Snorg
 24834 | D:12     | Killed Snorg
 25483 | D:13     | Noticed ytrimaz's ghost (journeyman DsGl)
 25491 | D:13     | Found a transporter.
 25605 | D:13     | Found a transporter.
 25953 | Lair:5   | Killed melkoren's ghost
 26288 | D:14     | Noticed Louise
 26292 | D:14     | Noticed Nessos
 26303 | D:14     | Killed Louise
 26308 | D:14     | Killed Nessos
 26309 | D:14     | Reached XP level 16. HP: 46/124 MP: 0/0
 26596 | D:14     | Found a gate to the Vaults.
 26745 | D:14     | Reached skill level 15 in Fighting
 27172 | D:15     | Entered Level 15 of the Dungeon
 27181 | D:15     | Found a white marble altar of Elyvilon.
 27747 | D:15     | Found a staircase to the Depths.
 27820 | D:15     | Found an iron altar of Okawaru.
 28022 | D:15     | Upgraded the game from 0.30-a0-135-g630cfc4551 to
                  | 0.30-a0-137-gd8773701ce
 28124 | Orc:1    | Entered Level 1 of the Orcish Mines
 28911 | Orc:2    | Entered Level 2 of the Orcish Mines
 28945 | Orc:2    | Found a staircase to the Elven Halls.
 29177 | Orc:2    | Noticed Rupert
 29216 | Orc:2    | Killed Rupert
 29217 | Orc:2    | Reached skill level 15 in Invocations
 29391 | Orc:2    | Noticed Azrael
 29403 | Orc:2    | Killed Azrael
 29709 | Orc:2    | Found Ywaclac's General Store.
 29710 | Orc:2    | Found Taniod's Antique Armour Boutique.
 29710 | Orc:2    | Found Neluid's General Store.
 29713 | Orc:2    | Found Astritas's Assorted Antiques.
 29725 | Orc:2    | Bought a potion of heal wounds for 150 gold pieces
 29727 | Orc:2    | Bought a runed cloak for 210 gold pieces
 29951 | Spider:1 | Entered Level 1 of the Spider Nest
 29961 | Spider:1 | Identified the ring of Jypiwk {rPois Int+3}
 29976 | Spider:1 | Reached XP level 17. HP: 100/133 MP: 0/0
 29976 | Spider:1 | Learned a level 6 spell: Iron Shot
 30233 | Orc:2    | Bought the amulet of the Four Winds {rN+ Will+++ Clar} for
                  | 849 gold pieces
 30233 | Orc:2    | Found the amulet of the Four Winds {rN+ Will+++ Clar}
 30571 | Spider:1 | Reached skill level 16 in Fighting
 30573 | Spider:1 | Killed from afar by a jorogumo

Illustrated notes

Levels and vault maps discovered:
D:1:      dpeg_arrival_arbitrary_a, layout_basic,
          shapermc_ecumenical_altar_acropolis
D:2:      layout_basic, uniq_robin, uniq_crazy_yiuf_cottage
D:3:      layout_loops_ring, old_standard_altar, doesnt_xom_only_xom,
          ebering_ghost_sewer_d, amethyst_killhole, uniq_sigmund
D:4:      layout_rooms, lemuel_round_altar, grunt_gozag_statues,
          enter_ossuary_5, minmay_misc_feat_chi, uniq_menkaure, uniq_edmund,
          uniq_blork_the_orc
D:5:      layout_basic, temple_fountains, kennysheep_generic_room_2
D:6:      layout_basic, mainiacjoe_overflow_concentric_impassable,
          marbit_many_paths, mainiacjoe_overflow_six_doors_small
D:7:      layout_rooms, amcnicky_altar_gilded, ashenzari_altar_1, uniq_pikel
D:8:      gammafunk_beogh_shrine, layout_basic, nicolae_wu_jian_wuxing_cycle,
          mainiacjoe_overflow_large_starburst, roderic_serpentine_path,
          wad_floor_pattern_untrapped
D:9:      layout_basic, nemelex_diamond_rough_becter, erik_lair_island,
          minmay_misc_feat_pillars, hangedman_decor_points
D:10:     layout_roguey, zin_treasury, bloody_trog,
          mainiacjoe_overflow_brackets, minmay_shop_damaged, uniq_maggie
D:11:     minmay_the_grid_square_5x5_5x5_mashed
          [minmay_the_grid_square_5x5_doubleslash,
          minmay_the_grid_square_5x5_tetrominoes,
          minmay_the_grid_square_5x5_spiral,
          minmay_the_grid_square_5x5_three_walls, minmay_the_grid_square_5x5_c,
          minmay_the_grid_square_5x5_six,
          minmay_the_grid_square_5x5_prize_snowflake,
          minmay_the_grid_square_5x5_tie, minmay_the_grid_square_5x5_prize_junk,
          minmay_the_grid_square_5x5_lines,
          minmay_the_grid_square_5x5_checkered_statues,
          minmay_the_grid_square_5x5_minibox,
          minmay_the_grid_square_5x5_prize_waves,
          minmay_the_grid_square_5x5_minivault,
          minmay_the_grid_square_5x5_two_walls_b,
          minmay_the_grid_square_5x5_three_small,
          minmay_the_grid_square_5x5_prize_open,
          minmay_the_grid_square_5x5_six_small,
          minmay_the_grid_square_5x5_prize_open,
          minmay_the_grid_square_5x5_plus, minmay_the_grid_square_5x5_meh,
          minmay_the_grid_square_5x5_n, minmay_the_grid_square_5x5_comb,
          minmay_the_grid_square_5x5_sharp_hourglass,
          minmay_the_grid_square_5x5_mess], layout_basic, david_orc_2, uniq_urug
D:12:     layout_gridville, uniq_snorg
D:13:     layout_long_grid, gammafunk_ghost_berserking_beasts,
          minmay_unpleasant_kobolds
D:14:     layout_stronghold, david_vaults_4, nrook_mini_backslash, uniq_louise,
          uniq_nessos
D:15:     gammafunk_enter_depths_forms, layout_basic,
          nicolae_elyvilon_peaceful_grove, okawaru_altar_gauntlet_db
Temple:   nicolae_temple_bog_church
Lair:1:   layout_chaotic_city, serial_bayou_lake_a, uniq_sonja
Lair:2:   minmay_lair_oklob_chamber, layout_chaotic_city,
          minmay_shoals_entry_centaurs, gammafunk_ghost_grave,
          portal_ice_cave_rime, uniq_gastronok
Lair:3:   layout_chaotic_city, spider_nest_entry_webs,
          kennysheep_basilisk_garden, grunt_megastairs_2
Lair:4:   layout_regular_city, nicolae_volcano_entry_lava_flow,
          lemuel_fruit_fields, lemuel_fruit_fields
Lair:5:   evilmike_catoblepas_cave, layout_layer_cave, slime_entry_2,
          gammafunk_ghost_hydra_chop, basic_altar, infiniplex_staircase_pool
Spider:1: layout_spider_delve, nicolae_spider_webbed_stairs
Orc:1:    layout_diamond_mine, nicolae_orc_stony_grotto
Orc:2:    st_orc_rangers, layout_diamond_mine, uniq_rupert, uniq_azrael

Skill      XL: |  1  2  3  4  5  6  7  8  9 10 11 12 13 14 15 16 17 |
---------------+----------------------------------------------------+-----
Fighting       | 1 2 3 4 6 7 8 10 12 13 14 15 16 | 16.0
Spellcasting   | 3 4 5 6 7 8 10 11 12 13 14 | 14.3
Evocations     | 1 2 3 |  3.0
Shields        | 1 3 4 5 |  5.1
Invocations    | 1 3 5 7 9 10 12 13 15 | 15.2
Armour         | 1 3 |  3.0
Dodging        | 3 |  3.0
Stealth        | |  1.5

Action                   |  1- 3 |  4- 6 |  7- 9 | 10-12 | 13-15 | 16-18 || total
-------------------------+-------+-------+-------+-------+-------+-------++-------
Melee: Dagger            |     2 |    55 |   133 |    22 |       |       ||   212
       Punch             |       |     2 |       |       |       |       ||     2
       Staff             |       |       |       |    41 |    37 |    16 ||    94
 Cast: Sting             |    83 |    35 |    48 |     7 |     3 |       ||   176
       Poisonous Vapours |     1 |    14 |    10 |    16 |     3 |    44 ||    88
       Mephitic Cloud    |       |     2 |    14 |    19 |    37 |    15 ||    87
       Foxfire           |       |     5 |     3 |    10 |    19 |     5 ||    42
       Stone Arrow       |       |       |    51 |   157 |   463 |   238 ||   909
       Olgreb's Toxic Ra |       |       |     6 |    28 |    37 |    19 ||    90
       Summon Forest     |       |       |       |     7 |    10 |     6 ||    23
       Iskenderun's Batt |       |       |       |       |    13 |     7 ||    20
       Conjure Ball Ligh |       |       |       |       |     2 |     7 ||     9
       Iron Shot         |       |       |       |       |       |    15 ||    15
Invok: Greater Servant o |       |       |       |       |       |     2 ||     2
Evoke: Wand              |       |       |       |     1 |     3 |     1 ||     5
       Phantom mirror    |       |       |       |       |       |     1 ||     1
  Use: Scroll            |       |     7 |    13 |     8 |    11 |     4 ||    43
       Potion            |       |       |       |     3 |     3 |     1 ||     7
 Stab: Sleeping          |       |     3 |     4 |       |       |       ||     7
       Confused          |       |       |     1 |     2 |     1 |       ||     4
       Distracted        |       |       |     1 |     1 |     1 |       ||     3
Armor: Robe              |     5 |    29 |    10 |       |       |       ||    44
       Leather armour    |       |       |    45 |    12 |     9 |       ||    66
       Steam dragon scal |       |       |       |    30 |    96 |       ||   126
       Troll leather arm |       |       |       |       |    10 |    51 ||    61
Dodge: Dodged            |    19 |    31 |    68 |    75 |   220 |   113 ||   526
Block: Buckler           |       |       |    45 |    54 |   139 |    74 ||   312

Table legend: (Time is in decaauts)
 A = Elapsed time spent in this place.
 B = Non-inter-level travel time spent in this place.
 C = Inter-level travel time spent in this place.
 D = Time resting spent in this place.
 E = Time spent auto-exploring this place.
 F = Levels seen in this place.
 G = Mean time per level.
                   A        B        C        D        E       F      G
               +--------+--------+--------+--------+--------+-----+--------+
         Total |  30670 |  27845 |   2825 |   3266 |  19291 |  27 | 1135.9 |
       Dungeon |  20358 |  18648 |   1710 |   1687 |  13911 |  15 | 1357.2 |
        Temple |    107 |     99 |      8 |      0 |     91 |   1 |  107.0 |
          Lair |   6348 |   5519 |    829 |    725 |   3718 |   5 | 1269.6 |
   Spider Nest |     77 |     77 |      0 |     16 |      0 |   1 |   77.0 |
  Orcish Mines |   1890 |   1613 |    277 |    131 |    952 |   2 |  945.0 |
       Ossuary |    750 |    750 |      0 |     31 |    497 |   1 |  750.0 |
      Ice Cave |    647 |    647 |      0 |    533 |      0 |   1 |  647.0 |
       Volcano |    489 |    489 |      0 |    143 |    122 |   1 |  489.0 |
               +--------+--------+--------+--------+--------+-----+--------+

Top non-repeatable levels by time:
    D:10: 2277 daAuts
     D:8: 1924 daAuts
  Lair:2: 1921 daAuts
     D:3: 1687 daAuts
     D:1: 1685 daAuts
     D:9: 1655 daAuts
     D:5: 1405 daAuts
    D:11: 1366 daAuts
     D:4: 1363 daAuts
  Lair:1: 1359 daAuts
     D:2: 1352 daAuts
  Lair:5: 1304 daAuts
     D:7: 1223 daAuts
     D:6: 1141 daAuts
   Orc:1: 962 daAuts
